 Dungeon Crawl Stone Soup version 0.31-a0-640-g39d97e502b (webtiles) character file.

Game seed: 17117534799079030799

203 qw the Shooter (level 5, -9/32 HPs)
             Began as a Gargoyle Hunter on Aug 27, 2023.
             Mangled by an ice beast (13 damage)
             ... on level 5 of the Dungeon.
             The game lasted 00:00:51 (2030 turns).

qw the Shooter (Gargoyle Hunter)                    Turns: 2030, Time: 00:00:52

Health: -9/32      AC: 13    Str: 15    XL:     5   Next: 81%
Magic:  5/5        EV: 11    Int:  9    God:
Gold:   94         SH:  0    Dex: 15    Spells: 4/4 levels left

rFire   . . .        Y - +1 shortbow
rCold   . . .        (shield currently unavailable)
rNeg    + . .        c - +0 leather armour
rPois   inf          b - +0 helmet
rElec   +            g - +0 cloak
rCorr   .            (no gloves)
SInv    .            (no boots)
Will    .....        (no amulet)
Stlth   ++           f - +4 ring of protection
HPRegen 0.25/turn    (no ring)
MPRegen 0.09/turn

%: no passive effects
@: no status effects
A: sickness immunity, AC +4, negative energy resistance 1, electricity
resistance, torment resistance 1, petrification resistance
a: no special abilities


You were on level 5 of the Dungeon.
You visited 1 branch of the dungeon, and saw 4 of its levels.

You collected 170 gold pieces.
You spent 76 gold pieces at shops.


Innate Abilities, Weirdness & Mutations

You are immune to sickness and miasma.
Your stone body is resilient. (AC +4)
You are immune to poison.
You resist negative energy. (rN+)
You are resistant to electric shocks. (rElec)
You are resistant to unholy torment.
You are immune to petrification.


   Skills:
 + Level 3.2 Fighting
 - Level 6.1 Ranged Weapons
 - Level 1.7 Armour
 - Level 1.5 Dodging
 - Level 1.1 Stealth


You had 4 spell levels left.
You didn't know any spells.
Your spell library was empty.

Inventory:

Hand Weapons
 Y - a +1 shortbow (weapon)
Armour
 b - a +0 helmet (worn)
 c - a +0 leather armour (worn)
 g - a +0 cloak (worn)
 j - a +0 ring mail
Jewellery
 f - a +4 ring of protection (left hand)
 i - an amulet of guardian spirit
Scrolls
 a - a scroll of identify
Potions
 d - 2 potions of curing {unknown}
 e - a potion of attraction {unknown}
 h - a potion of enlightenment {unknown}

Dungeon Overview and Level Annotations

Branches:
Dungeon (3/15)

Altars:

Shops:
D:1 (   D:2 [


Message History

An orc priest comes into view. It is wielding a +0 war axe.
Waypoint 3 assigned to D:5.
Enter note:
Enter note:
2009 ||| RETREATING.
You shoot an arrow. The arrow hits the orc.
The orc is severely wounded.
You hear a shout! x4
You shoot an arrow. The arrow hits the orc!
You kill the orc!
You shoot an arrow. The arrow barely misses the orc.
You shoot an arrow. The arrow hits the orc.
You kill the orc!
The orc priest calls down the wrath of Beogh upon you.
Beogh smites you!
You shoot an arrow.
The arrow closely misses the orc priest.
The orc priest calls down the wrath of Beogh upon you.
Beogh smites you!
An orc comes into view. It is wielding a +0 dagger.
You shoot an arrow.
The arrow hits the ice beast but does no damage.
You shoot an arrow.
The arrow completely misses the ice beast.
You shoot an arrow. The arrow barely misses the ice beast.
The ice beast hits you but does no damage.
You shoot an arrow.
The arrow hits the ice beast but does no damage.
The ice beast closely misses you.
You shoot an arrow.
The arrow hits the ice beast but does no damage.
The ice beast hits you but does no damage.
You shoot an arrow. The arrow hits the ice beast!
The ice beast is moderately wounded.
The ice beast hits you. The ice beast freezes you!
You shoot an arrow. The arrow hits the ice beast.
The ice beast is moderately wounded.
An orc comes into view. It is wielding a +0 club.
The ice beast hits you. The ice beast freezes you!
You die...

.......#...o#
#.o.#..# ##.o#..#
# #..#
###......#...
.....##.#........#
.................
#..#.##..o#...##.
#.####..oY##..###.
#........#@.......
#........###.#....
#....##### #....
###### .


You could see an ice beast, an orc priest and 2 orcs.

Vanquished Creatures
  3 orc priests (D:3)
  An orc wizard (D:3)
  3 adders
  A worm (D:2)
  2 dart slugs
  6 orcs
  5 ball pythons
  4 bats
  2 endoplasms (D:1)
  6 giant cockroaches
  3 goblins
  3 hobgoblins
  2 jackals
  2 quokkas (D:3)
  4 kobolds
  4 rats
51 creatures vanquished.

Vanquished Creatures (others)
  An orc wizard (D:3)
1 creature vanquished.

Grand Total: 52 creatures vanquished

Notes
Turn   | Place    | Note
-------+----------+-------------------------------------------
     0 | D:1      | qw the Gargoyle Hunter began the quest for the Orb.
     0 | D:1      | Reached XP level 1. HP: 12/12 MP: 1/1
     0 | D:1      | 0 ||| qw: Version: 0.3-a-74-g0d5e918
     0 | D:1      | 0 ||| qw: Game counter: 34
     0 | D:1      | 0 ||| qw: Melee chars always use a shield: true
     0 | D:1      | 0 ||| qw: God list: Okawaru
     0 | D:1      | 0 ||| qw: Allow faded altars: false
     0 | D:1      | 0 ||| qw: Do Orc after clearing Dungeon:15 true
     0 | D:1      | 0 ||| qw: Do second Lair branch before Depths: true
     0 | D:1      | 0 ||| qw: Lair rune preference: random
     0 | D:1      | 0 ||| qw: Goals: Normal
     0 | D:1      | 0 ||| PLANNING D:1-11
   100 | D:1      | 100 ||| Stepping ~*~*~tactically~*~*~ (outnumbered).
   119 | D:1      | Reached XP level 2. HP: 9/17 MP: 2/2
   374 | D:1      | Found a faded altar of an unknown god.
   499 | D:1      | Found Efokul's Weapon Emporium.
   511 | D:1      | 511 ||| SHOPLISTING +0 arbalest (63 gold, have 53).
   526 | D:1      | Reached XP level 3. HP: 21/21 MP: 3/3
   847 | D:1      | 847 ||| UPGRADING to +4 ring of protection.
   848 | D:1      | 848 ||| READING 2 scrolls labelled RINEAGG XONI.
   849 | D:1      | 849 ||| READING scroll labelled XIFREI XUALE.
   850 | D:1      | 850 ||| READING 2 scrolls labelled JURERRIERU.
   851 | D:1      | 851 ||| DROPPING scroll of butterflies.
   852 | D:1      | 852 ||| DROPPING scroll of fear.
   870 | D:2      | Found Kyfewnell's Antique Armour Shoppe.
   874 | D:2      | 874 ||| STAIRDANCE
   882 | D:2      | Reached skill level 5 in Ranged Weapons
   885 | D:2      | 885 ||| BUYING helmet (76 gold).
   885 | D:2      | Bought a helmet for 76 gold pieces
   885 | D:2      | 885 ||| SHOPLISTING pair of gloves (76 gold, have 3).
   885 | D:2      | 885 ||| SHOPLISTING ring mail (68 gold, have 3).
  1523 | D:2      | Reached skill level 3 in Fighting
  1589 | D:2      | 1589 ||| UPGRADING to +0 helmet.
  1594 | D:2      | 1594 ||| UPGRADING to +0 cloak.
  1599 | D:2      | 1599 ||| DROPPING amulet of magic regeneration.
  1600 | D:2      | 1600 ||| READING scroll labelled UFUESEODDA.
  1601 | D:2      | 1601 ||| READING scroll labelled FISMO BAIGAI.
  1671 | D:3      | Reached XP level 4. HP: 28/28 MP: 4/4
  1735 | D:3      | 1735 ||| FLEEEEING.
  1736 | D:3      | 1736 ||| FLEEEEING.
  1739 | D:3      | 1739 ||| FLEEEEING.
  1740 | D:3      | 1740 ||| FLEEEEING.
  1746 | D:3      | 1746 ||| FLEEEEING.
  1747 | D:3      | 1747 ||| FLEEEEING.
  1748 | D:3      | 1748 ||| FLEEEEING.
  1760 | D:3      | Reached skill level 1 in Armour
  1765 | D:3      | Reached XP level 5. HP: 30/32 MP: 5/5
  1884 | D:3      | 1884 ||| RETREATING.
  1890 | D:3      | 1890 ||| Stepping ~*~*~tactically~*~*~ (retreating).
  1908 | D:3      | Reached skill level 6 in Ranged Weapons
  1993 | D:3      | You fall into a shaft and drop 2 floors!
  1993 | D:5      | Entered Level 5 of the Dungeon
  2008 | D:5      | Noticed a water moccasin
  2008 | D:5      | Noticed an ice beast
  2009 | D:5      | 2009 ||| RETREATING.
  2029 | D:5      | HP: 6/32 [ice beast (8)]
  2030 | D:5      | Mangled by an ice beast

Levels and vault maps discovered:
D:1:      dpeg_arrival_simpleton_a, layout_basic, serial_shops, shop,
          hellmonk_ecumenical_altar_slurped_away, st_stairs_11,
          minmay_worlds_worst_comb
D:2:      layout_basic, serial_shops, shop, minmay_fractal_squares_gapless_5
D:3:      layout_basic, overflow_temple_1_default, uniq_ijyb
D:5:      layout_cave_pools, minmay_temple_entry_purple_smoke, uniq_edmund

Skill      XL: |  1  2  3  4  5 |
---------------+----------------+-----
Ranged Weapons | 5 6 |  6.1
Fighting       | 3 |  3.2
Armour         | 1 |  1.7
Dodging        | |  1.5
Stealth        | |  1.1

Action                     |  1- 3 |  4- 6 || total
---------------------------+-------+-------++-------
   Fire: Shortbow          |   111 |    88 ||   199
    Use: Scroll            |     5 |       ||     5
 Armour: Leather armour    |    41 |    20 ||    61
  Dodge: Dodged            |    37 |    20 ||    57

Table legend:
 A = Non-vault XP
 B = Vault XP
 C = Vault XP percentage of total XP
 D = Non-vault monster count
 E = Vault monster count
 F = Vault count percentage of total count
                 A         B        C        D         E       F
            +---------+---------+-------+---------+---------+-------
      Total |     240 |      51 |  17.5 |      39 |      13 |  25.0
            +---------+---------+-------+---------+---------+-------
        D:1 |      20 |      17 |  45.9 |      12 |       8 |  40.0
        D:2 |       9 |      34 |  79.1 |       5 |       5 |  50.0
        D:3 |     205 |       0 |   0.0 |      20 |       0 |   0.0
        D:5 |       6 |       0 |   0.0 |       2 |       0 |   0.0
            +---------+---------+-------+---------+---------+-------
